 Dungeon Crawl Stone Soup version 0.30-a0-996-ga6910c8ee8 (webtiles) character file.

Game seed: 2899495022676388510

2979 croobank the Magician (level 9, 0/67 HPs)
             Began as a Gnoll Fire Elementalist on Apr 4, 2023.
             Was a Believer of Vehumet.
             Shot with a sling bullet by Joseph (13 damage)
             ... on level 7 of the Dungeon.
             The game lasted 00:25:25 (8781 turns).

croobank the Magician (Gnoll Fire Elementalist)     Turns: 8781, Time: 00:25:25

Health: 0/67       AC:  7    Str: 11    XL:     9   Next: 82%
Magic:  19/19      EV: 13    Int: 27    God:    Vehumet [**....]
Gold:   67         SH:  0    Dex: 13    Spells: 15/22 levels left

rFire   . . .      SeeInvis +    b - +5 sling "Goxtera" {drain, rPois Int+4 SInv}
rCold   . . .      Faith    .    i - +1 buckler
rNeg    . . .      Spirit   .    I - +0 leather armour "Dionnuer" {Will- rCorr Str+4 Int+4}
rPois   +          Reflect  .    O - +0 helmet of Lust {Will++ rCorr Slay+3}
rElec   .          Rampage  .    (no cloak)
rCorr   +                        B - +1 pair of gloves
Will    +....                    (no boots)
Stlth   +                        s - amulet of magic regeneration
HPRegen 0.31/turn                (no ring)
MPRegen 0.56/turn                (no ring)

@: confused, ambrosia-drunk, invisible
A: fangs 1, strong nose, distributed training
a: Renounce Religion


You were on level 7 of the Dungeon.
You worshipped Vehumet.
Vehumet was pleased with you.
You visited 1 branch of the dungeon, and saw 7 of its levels.

You collected 346 gold pieces.
You spent 279 gold pieces at shops.

Inventory:

Hand Weapons
 a - the +4 rapier of Recklessness {holy, *Slow rPois rCorr Int+3}
   (You found it on level 2 of the Dungeon)

   Int:       It affects your intelligence (+3).
   rPois:     It protects you from poison.
   rCorr:     It protects you from acid and corrosion.
   *Slow:     It may slow you when you take damage.
 b - the +5 sling "Goxtera" (weapon) {drain, rPois Int+4 SInv}
   (You acquired it on level 3 of the Dungeon)

   Int:       It affects your intelligence (+4).
   rPois:     It protects you from poison.
   SInv:      It lets you see invisible.
 c - a +2 short sword of protection
 d - a +2 long sword
 k - a +4 flail
 l - a +3 halberd of freezing
 o - a +0 dagger
 r - a +1 hand axe of electrocution
 u - a +0 dagger of venom
 v - a +3 heavy spear
 A - a +0 heavy hand axe
Missiles
 g - 5 curare-tipped darts
 p - 6 boomerangs
 x - 6 javelins
 D - 4 atropa-tipped darts
Armour
 i - a +1 buckler (worn)
 B - a +1 pair of gloves (worn)
 C - a +1 ring mail of cold resistance
 I - the +0 leather armour "Dionnuer" (worn) {Will- rCorr Str+4 Int+4}
   (You found it on level 5 of the Dungeon)

   Str:       It affects your strength (+4).
   Int:       It affects your intelligence (+4).
   rCorr:     It protects you from acid and corrosion.
   Will:      It decreases your willpower.
 O - the +0 helmet of Lust (worn) {Will++ rCorr Slay+3}
   (You found it on level 6 of the Dungeon)

   Slay:      It affects your accuracy & damage with ranged weapons and melee
   (+3).
   rCorr:     It protects you from acid and corrosion.
   Will:      It greatly increases your willpower.
Magical Staves
 q - a staff of fire
Jewellery
 n - an amulet of reflection
 s - an amulet of magic regeneration (around neck)
Wands
 t - a wand of flame (10)
 E - a wand of iceblast (13)
 H - a wand of charming (8)
Scrolls
 F - 2 scrolls of teleportation
 M - 4 scrolls of identify
 N - a scroll of magic mapping
Potions
 f - 3 potions of curing
 h - 2 potions of mutation
 j - a potion of magic
 J - 2 potions of cancellation


   Skills:
 + Level 4.8 Fighting
 + Level 4.8 Short Blades
 + Level 4.8 Long Blades
 + Level 4.8 Axes
 + Level 4.8 Maces & Flails
 + Level 4.8 Polearms
 + Level 4.8 Staves
 + Level 4.8 Ranged Weapons
 + Level 4.8 Throwing
 + Level 4.8 Armour
 + Level 6.7 Dodging
 + Level 6.4 Stealth
 + Level 4.8 Shields
 + Level 4.8 Unarmed Combat
 + Level 7.0 Spellcasting
 + Level 4.5 Conjurations
 + Level 4.0 Hexes
 + Level 4.0 Summonings
 + Level 4.0 Necromancy
 + Level 4.0 Translocations
 + Level 4.0 Transmutations
 + Level 6.8 Fire Magic
 + Level 4.0 Ice Magic
 + Level 4.0 Air Magic
 + Level 4.0 Earth Magic
 + Level 4.0 Poison Magic
 + Level 5.3 Invocations
 + Level 4.8 Evocations


You had 15 spell levels left.
You knew the following spells:

 Your Spells              Type           Power      Damage    Failure   Level
a - Foxfire               Conj/Fire      100%       2x1d9     1%          1
b - Scorch                Fire           92%        2d9       1%          2
c - Wereblood             Tmut           31%        N/A       2%          2
d - Searing Ray           Conj           68%        2d6       2%          2

Your spell library contained the following spells:

 Spells                   Type           Power      Damage    Failure   Level
 Poisonous Vapours        Pois/Air       62%        N/A       2%          2
 Summon Small Mammal      Summ           100%       N/A       1%          1
 Lesser Beckoning         Tloc           62%        N/A       2%          2
 Sublimation of Blood     Necr           31%        N/A       2%          2
 Inner Flame              Hex/Fire       38%        N/A       3%          3
 Kindle Blastsparks       Fire/Tloc/Air  72%        2d16      3%          3
 Gell's Gravitas          Tloc           31%        N/A       5%          3
 Ozocubu's Armour         Ice            31%        N/A       5%          3
 Summon Guardian Golem    Hex/Summ       31%        N/A       5%          3
 Teleport Other           Tloc           31%        N/A       5%          3
 Tukima's Dance           Hex            31%        N/A       5%          3
 Vhi's Electric Charge    Tloc/Air       62%        N/A       5%          3
 Flame Wave               Conj/Fire      40%        2d11      10%         4
 Dispel Undead            Necr           31%        3d14      19%         4
 Passage of Golubria      Tloc           31%        N/A       19%         4
 Arcjolt                  Conj/Air       16%        1d26      43%         5
 Yara's Violent Unravell  Hex/Tmut       15%        3d8       45%         5
 Plasma Beam              Fire/Air       19%        2x1d33    85%         6
 Orb of Destruction       Conj           17%        9d7       100%        7
 Ozocubu's Refrigeration  Ice            15%        4d10      100%        7
 Spellforged Servitor     Conj/Summ      16%        N/A       100%        7
 Summon Hydra             Summ           15%        N/A       100%        7
 Death's Door             Necr           15%        N/A       100%        9


Dungeon Overview and Level Annotations

Branches:
Dungeon (7/15)             Temple (0/1) D:4

Altars:
Cheibriados
Kikubaaqudgha
Ru
Uskayaw
Vehumet
Zin

Shops:
D:5 [*   D:6 ?   D:7 (

Annotations:
D:4 3 runed translucent doors, Jeffwins's ghost, novice HuWn
D:6 1 runed translucent door, Crazy Yiuf
D:7 Joseph


Innate Abilities, Weirdness & Mutations

You have very sharp teeth.
Your uncanny sense of smell can sniff out nearby items.
Your experience applies equally to all skills.


Message History

Joseph says, "You must be punished!
Or...
I want to punish you!"
Joseph shoots a sling bullet.
The sling bullet hits you!
You shoot a sling bullet. The sling bullet closely misses Joseph.
Joseph shoots a sling bullet.
The sling bullet hits you!
Joseph shoots a sling bullet.
You block the sling bullet.
You are too injured to fight recklessly!
You fade into invisibility!
Joseph shoots a sling bullet.
The sling bullet closely misses you.
Joseph shoots a sling bullet.
Casting: Foxfire (safe; 1% risk of failure)
Confirm with . or Enter, or press ? or * to list all spells.
Nothing appears to happen.
Joseph shoots a sling bullet.
The sling bullet misses you.
Casting: Scorch (safe; 1% risk of failure)
Confirm with . or Enter, or press ? or * to list all spells.
Nothing appears to happen.
Joseph shoots a sling bullet.
The sling bullet hits you!!
* * * LOW HITPOINT WARNING * * *
Casting: Scorch (safe; 1% risk of failure)
Confirm with . or Enter, or press ? or * to list all spells.
Nothing appears to happen.
Casting: Scorch (safe; 1% risk of failure)
Confirm with . or Enter, or press ? or * to list all spells.
You conjure some foxfire!
Casting: Foxfire (safe; 1% risk of failure)
Confirm with . or Enter, or press ? or * to list all spells.
Flames lash Joseph.
Joseph is lightly wounded.
Joseph's fire resistance burns away.
The foxfire hits Joseph!
Joseph is burned terribly!
Joseph is moderately wounded.
The foxfire hits Joseph.
Joseph is burned terribly!
Joseph is moderately wounded.
Joseph shoots a sling bullet.
The sling bullet hits you!
* * * LOW HITPOINT WARNING * * *
You are confused.
You feel invigorated.
Joseph shoots a sling bullet.
The sling bullet closely misses you.
Joseph shoots a sling bullet.
The sling bullet hits you!
You die...

######...##### ##<#
#.⌠.⌠# ##...###..∩.#
∆ ..#.....##.⌠.⌠#
#..........###
##.....########
##...#........
##.######.##.###.#.#
.......@.........#
##.####...##.#......#
##.......#.......
#..@..##.......##
#..#..##.#######
#..#........
#.......###.##.
####..### #.# #.. ...


You could see Joseph (unable to see you, combustible).

Vanquished Creatures
  Pikel (D:6)
  A water moccasin (D:5)
  Edmund (D:4)
  Menkaure (D:6)
  2 orc warriors (D:6)
  An ice beast (D:6)
  2 black bears
  2 ogres
  4 lemures
  2 centaurs (D:6)
  A phantom (D:5)
  A kobold brigand (D:5)
  4 scorpions
  5 wights (D:7)
  A howler monkey (D:4)
  4 hounds
  4 jellies
  An orc priest (D:5)
  2 sleepcaps (D:5)
  3 iguanas
  4 orc wizards
  Robin (D:2)
  9 adders
  A white imp (D:5)
  4 ufetubi
  A worm (D:2)
  4 dart slugs
  19 orcs
  10 endoplasms
  4 giant cockroaches
  17 goblins
  9 hobgoblins
  3 quokkas
  5 ball pythons
  9 bats
  A frilled lizard (D:3)
  8 kobolds
  9 rats
161 creatures vanquished.

Vanquished Creatures (others)
  219 foxfires
219 creatures vanquished.

Grand Total: 380 creatures vanquished

Notes
Turn   | Place    | Note
-------+----------+-------------------------------------------
     0 | D:1      | croobank the Gnoll Fire Elementalist began the quest for
                  | the Orb.
     0 | D:1      | Reached XP level 1. HP: 13/13 MP: 6/6
   192 | D:1      | Reached XP level 2. HP: 19/19 MP: 5/7
   859 | D:1      | Got Sif Muna's Dissertation on the Retinue and Unholy Words
  1177 | D:2      | Noticed Robin
  1178 | D:2      | Reached skill level 5 in Spellcasting
  1178 | D:2      | Reached XP level 3. HP: 25/25 MP: 6/9
  1298 | D:2      | Learned a level 2 spell: Scorch
  1420 | D:2      | Identified the +4 rapier of Recklessness {holy, *Slow rPois
                  | rCorr Int+3}
  1468 | D:2      | Reached skill level 1 in Invocations
  1650 | D:2      | Reached skill level 1 in Fighting
  1650 | D:2      | Reached skill level 1 in Short Blades
  1650 | D:2      | Reached skill level 1 in Long Blades
  1650 | D:2      | Reached skill level 1 in Axes
  1650 | D:2      | Reached skill level 1 in Maces & Flails
  1650 | D:2      | Reached skill level 1 in Polearms
  1650 | D:2      | Reached skill level 1 in Staves
  1650 | D:2      | Reached skill level 1 in Ranged Weapons
  1650 | D:2      | Reached skill level 1 in Throwing
  1650 | D:2      | Reached skill level 1 in Armour
  1650 | D:2      | Reached skill level 1 in Shields
  1650 | D:2      | Reached skill level 1 in Unarmed Combat
  1650 | D:2      | Reached skill level 1 in Evocations
  2105 | D:2      | Killed Robin
  2106 | D:2      | Reached XP level 4. HP: 32/32 MP: 4/11
  2419 | D:2      | Reached skill level 1 in Hexes
  2419 | D:2      | Reached skill level 1 in Summonings
  2419 | D:2      | Reached skill level 1 in Necromancy
  2419 | D:2      | Reached skill level 1 in Translocations
  2419 | D:2      | Reached skill level 1 in Transmutations
  2419 | D:2      | Reached skill level 1 in Ice Magic
  2419 | D:2      | Reached skill level 1 in Air Magic
  2419 | D:2      | Reached skill level 1 in Earth Magic
  2419 | D:2      | Reached skill level 1 in Poison Magic
  2613 | D:3      | Identified a scroll of acquirement
  2613 | D:3      | Acquired the +5 sling "Goxtera" {drain, rPois Int+4 SInv}
  2830 | D:3      | Found a radiant altar of Vehumet.
  2838 | D:3      | Became a worshipper of Vehumet
  2956 | D:3      | Found a glowing silver altar of Zin.
  2978 | D:3      | Found a hide-covered altar of Uskayaw.
  3037 | D:3      | Reached XP level 5. HP: 37/37 MP: 12/12
  3583 | D:4      | Noticed Edmund
  3589 | D:4      | Killed Edmund
  3589 | D:4      | Reached * piety under Vehumet
  3589 | D:4      | Offered knowledge of Kiss of Death by Vehumet.
  3590 | D:4      | Reached XP level 6. HP: 40/44 MP: 8/14
  3746 | D:4      | Reached skill level 5 in Dodging
  4093 | D:4      | Found a staircase to the Ecumenical Temple.
  4360 | D:4      | Found a runed translucent gate.
  4361 | D:4      | Found a runed translucent gate.
  4361 | D:4      | Identified the +7 spear "Unwut" {elec, rC+}
  4361 | D:4      | Noticed Jeffwins's ghost (novice HuWn)
  4362 | D:4      | Found a runed translucent gate.
  4535 | D:5      | Entered Level 5 of the Dungeon
  4593 | D:5      | Reached XP level 7. HP: 51/51 MP: 13/15
  4605 | D:5      | Found Kidway's Antique Armour Shop.
  4721 | D:5      | Identified the +0 leather armour "Dionnuer" {Will- rCorr
                  | Str+4 Int+4}
  4769 | D:5      | Reached skill level 5 in Stealth
  4846 | D:5      | Found Aluicor's Assorted Antiques.
  5098 | D:5      | Offered knowledge of Searing Ray by Vehumet.
  5305 | D:5      | Found a sacrificial altar of Ru.
  5454 | D:5      | Reached ** piety under Vehumet
  5564 | D:5      | Reached XP level 8. HP: 58/58 MP: 16/16
  6138 | D:5      | Reached skill level 6 in Spellcasting
  6569 | D:5      | Learned a level 2 spell: Wereblood
  6855 | D:6      | Reached XP level 9. HP: 65/65 MP: 13/18
  6862 | D:6      | Learned a level 2 spell: Searing Ray
  7392 | D:6      | Found a snail-covered altar of Cheibriados.
  7405 | D:6      | Found Manoq's Magic Scroll Shoppe.
  7415 | D:6      | Noticed Menkaure
  7419 | D:6      | Killed Menkaure
  7626 | D:6      | Bought a scroll of identify for 26 gold pieces
  7626 | D:6      | Bought a scroll of identify for 26 gold pieces
  7626 | D:6      | Bought a scroll of identify for 26 gold pieces
  7626 | D:6      | Bought a scroll of magic mapping for 97 gold pieces
  7626 | D:6      | Bought a scroll of identify for 26 gold pieces
  7629 | D:6      | Bought a scroll of identify for 26 gold pieces
  7629 | D:6      | Bought a scroll of identify for 26 gold pieces
  7629 | D:6      | Bought a scroll of identify for 26 gold pieces
  7749 | D:6      | Found an ancient bone altar of Kikubaaqudgha.
  7866 | D:6      | Identified the +0 helmet of Lust {Will++ rCorr Slay+3}
  7896 | D:6      | Found a runed translucent door.
  7897 | D:6      | Noticed Crazy Yiuf
  7984 | D:7      | Found Fuywial's Antique Weapon Shoppe.
  7996 | D:7      | Offered knowledge of Poisonous Vapours by Vehumet.
  8152 | D:7      | Reached skill level 5 in Invocations
  8189 | D:7      | Noticed Pikel
  8205 | D:7      | HP: 2/66 [something (3)]
  8212 | D:7      | HP: 2/66 [something (4)]
  8455 | D:6      | Killed Pikel
  8456 | D:6      | Reached skill level 7 in Spellcasting
  8766 | D:7      | Noticed Joseph
  8781 | D:7      | Shot with a sling bullet by Joseph

Illustrated notes

Levels and vault maps discovered:
D:1:      lemuel_arrival_lava_pool, layout_loops_corners
D:2:      layout_basic, uniq_robin
D:3:      layout_basic, nicolae_uskayaw_murder_on_the_dancefloor,
          old_standard_altar, zin_academy, grunt_ministairs_1
D:4:      layout_rooms, temple_hall, biasface_ghost_orc_armoury,
          roderic_filled_cross, uniq_edmund
D:5:      layout_layer_cave, mainiacjoe_overflow_tiny_flanked, serial_shops,
          nicolae_take_the_stairs, nicolae_shop_stone, minivault_1
D:6:      layout_rooms, kennysheep_slug_shrine, mainiacjoe_overflow_paths,
          serial_shops, nicolae_stop_n_shop_2, uniq_menkaure,
          uniq_crazy_yiuf_cottage
D:7:      layout_loops_cross, grunt_gozag_statues, kennysheep_mini,
          serial_shops, shop_fountains, uniq_joseph, uniq_pikel

Skill      XL: |  1  2  3  4  5  6  7  8  9 |
---------------+----------------------------+-----
Conjurations   | 2 3 4 |  4.5
Spellcasting   | 5 6 7 |  7.0
Invocations    | 1 2 3 4 5 |  5.3
Fighting       | 1 2 3 4 |  4.8
Short Blades   | 1 2 3 4 |  4.8
Long Blades    | 1 2 3 4 |  4.8
Axes           | 1 2 3 4 |  4.8
Maces & Flails | 1 2 3 4 |  4.8
Polearms       | 1 2 3 4 |  4.8
Staves         | 1 2 3 4 |  4.8
Ranged Weapons | 1 2 3 4 |  4.8
Throwing       | 1 2 3 4 |  4.8
Armour         | 1 2 3 4 |  4.8
Shields        | 1 2 3 4 |  4.8
Unarmed Combat | 1 2 3 4 |  4.8
Evocations     | 1 2 3 4 |  4.8
Hexes          | 1 2 3 4 |  4.0
Summonings     | 1 2 3 4 |  4.0
Necromancy     | 1 2 3 4 |  4.0
Translocations | 1 2 3 4 |  4.0
Transmutations | 1 2 3 4 |  4.0
Ice Magic      | 1 2 3 4 |  4.0
Air Magic      | 1 2 3 4 |  4.0
Earth Magic    | 1 2 3 4 |  4.0
Poison Magic   | 1 2 3 4 |  4.0
Dodging        | 5 6 |  6.7
Stealth        | 5 6 |  6.4
Fire Magic     | 6 |  6.8

Action                     |  1- 3 |  4- 6 |  7- 9 || total
---------------------------+-------+-------+-------++-------
  Melee: Hand axe          |     3 |       |    12 ||    15
         Dagger            |     3 |     1 |       ||     4
         Rapier            |    23 |     7 |    21 ||    51
         Bite              |     1 |     1 |     4 ||     6
         Short sword       |       |       |     6 ||     6
   Fire: Sling             |       |    90 |    54 ||   144
   Cast: Foxfire           |    49 |     5 |    81 ||   135
         Scorch            |     2 |    15 |    66 ||    83
         Wereblood         |       |       |     1 ||     1
         Searing Ray       |       |       |     2 ||     2
    Use: Scroll            |       |    11 |    13 ||    24
         Potion            |       |       |     6 ||     6
   Stab: Sleeping          |     1 |       |     1 ||     2
 Armour: Robe              |     6 |    10 |       ||    16
         Leather armour    |       |       |    28 ||    28
  Dodge: Dodged            |    16 |    18 |    60 ||    94
  Block: Buckler           |     1 |     5 |    31 ||    37

Table legend: (Time is in decaauts)
 A = Elapsed time spent in this place.
 B = Non-inter-level travel time spent in this place.
 C = Inter-level travel time spent in this place.
 D = Time resting spent in this place.
 E = Time spent auto-exploring this place.
 F = Levels seen in this place.
 G = Mean time per level.
                   A        B        C        D        E       F      G
               +--------+--------+--------+--------+--------+-----+--------+
         Total |   8835 |   8500 |    335 |   2704 |   4221 |   7 | 1262.1 |
       Dungeon |   8835 |   8500 |    335 |   2704 |   4221 |   7 | 1262.1 |
               +--------+--------+--------+--------+--------+-----+--------+

Top non-repeatable levels by time:
     D:5: 2047 daAuts
     D:6: 1925 daAuts
     D:1: 1219 daAuts
     D:2: 1212 daAuts
     D:3: 1166 daAuts
     D:4: 969 daAuts
     D:7: 296 daAuts
